Map: Blackpink LE

Players

SortOf

  • Race: Zerg Zerg
  • Spawn Location: 1:00

Nerchio - Winner!

  • Race: Zerg Zerg
  • Spawn Location: 7:00

Event: WCS Leipzig 2018

VOD

Have the link to the VOD?

Description

Time

  • Played on: Jan. 27, 2018, 6:28 a.m.
  • Length: 8:45

All games in this series

Show
View Real Time Build Order
Export as new Build Order

SortOf Zerg 

Build Orders: Hatch First 

Get SALT Encoding   

  12  0:00  Drone  
  13  0:12  Overlord  
  13  0:17  Drone  
  14  0:30  Drone  
  14  0:31  Drone  
  14  0:35  Drone  
  17  0:52  Hatchery  
  17  0:54  Drone  
  17  0:58  Drone  
  18  1:07  Extractor  
  17  1:13  Spawning Pool  
  17  1:15  Drone  
  17  1:18  Drone  
  18  1:28  Drone  
  19  1:38  Drone  
  20  1:50  Overlord  
  20  1:59  Queen  
  22  2:03  Queen  
  22  2:04  Zergling x4  
  22  2:07  Metabolic Boost  
  26  2:11  Drone  
  26  2:15  Drone  
  28  2:22  Drone  
  29  2:25  Drone  
  30  2:36  Hatchery  
  29  2:38  Drone  
  29  2:43  Baneling Nest  
  29  2:44  Drone  
  29  2:49  Zergling x2  
  29  2:51  Drone  
  32  2:53  Overlord  
  32  2:58  Drone  
  33  3:06  Drone  
  33  3:11  Drone x2  
  33  3:12  Queen  
  36  3:13  Drone  
  36  3:15  Drone  
  40  3:24  Overlord  
  40  3:25  Zergling x2  
  41  3:27  Baneling x2  
  41  3:29  Zergling x2  
  41  3:31  Drone  
  43  3:40  Drone  
  44  3:41  Overlord  
  44  3:47  Zergling x12  
  49  3:50  Drone  
  49  3:55  Extractor  
  49  3:56  Drone  
  49  4:01  Drone x2  
  52  4:04  Extractor  
  52  4:05  Baneling x2, Roach Warren  
  52  4:07  Baneling x2  
  50  4:12  Drone x3  
  52  4:18  Drone  
  52  4:19  Overlord  
  52  4:20  Drone  
  53  4:24  Drone  
  53  4:25  Drone x3  
  53  4:26  Drone  
  58  4:35  Overlord  
  53  4:39  Drone x4  
  53  4:42  Overlord  
  53  4:43  Zergling x4  
  59  4:46  Zergling x2  
  59  4:49  Overlord  
  60  4:53  Roach x2  
  60  4:54  Roach  
  66  5:03  Roach  
  66  5:04  Roach x2  
  70  5:07  Roach x2  
  73  5:15  Roach x3  
  73  5:21  Baneling x2, Roach x2  
  82  5:23  Overlord  
  82  5:24  Roach  
  82  5:25  Roach  
  82  5:27  Roach  
  88  5:30  Roach  
  92  5:35  Roach  
  92  5:36  Roach  
  92  5:38  Overlord  
  92  5:40  Zergling x4  
  95  5:45  Zergling x6  
  93  5:51  Zergling x2  
  93  5:52  Zergling x6  
  93  5:53  Baneling x4  
  93  5:54  Ravager  
  93  5:56  Zergling x2  
  97  5:57  Zergling x2  
  97  5:59  Zergling x2  
  97  6:01  Ravager  
  97  6:02  Zergling x2  
  96  6:15  Roach  
  96  6:17  Roach x3  
  96  6:18  Roach, Zergling x4  
  98  6:20  Zergling x2  
  98  6:23  Zergling x4  
  96  6:27  Zergling x4  
  96  6:28  Zergling x2  
  96  6:30  Zergling x2  
  96  6:32  Zergling x2  
  91  6:33  Zergling x2  
  91  6:35  Ravager  
  91  6:38  Zergling x4  
  91  6:39  Zergling x2  
  92  6:42  Zergling x4  
  92  6:44  Zergling x2  
  92  6:51  Ravager x2  
  92  6:52  Zergling x6  
  98  6:54  Zergling x2  
  98  6:55  Ravager  
  99  7:03  Roach  
  99  7:04  Roach  
  86  7:11  Roach x3  
  86  7:15  Zergling x2  
  83  7:16  Ravager  
  83  7:18  Zergling x2  
  81  7:23  Zergling x2  
  81  7:26  Zergling x2  
  81  7:27  Zergling x6  
  81  7:29  Zergling x4  
  87  7:35  Ravager x2  
  87  7:36  Zergling x4  
  87  7:37  Zergling x2  
  79  7:44  Drone x2  
  79  7:48  Drone  
  76  7:51  Drone  
  76  7:53  Drone  
  76  7:54  Drone x3  
  76  7:58  Queen  
  72  8:02  Evolution Chamber  
  72  8:04  Drone x4  
  77  8:10  Drone x3  
  77  8:11  Drone x3  
  82  8:13  Drone  
  85  8:20  Roach  
  85  8:21  Roach  
  85  8:24  Extractor  
Show
View Real Time Build Order
Export as new Build Order

Nerchio Zerg - Winner!

Build Orders: Hatch First 

Get SALT Encoding   

  12  0:00  Drone  
  13  0:12  Overlord  
  13  0:18  Drone  
  14  0:31  Drone x2  
  14  0:34  Drone  
  17  0:52  Hatchery  
  17  0:55  Drone  
  17  0:59  Drone  
  18  1:09  Extractor  
  17  1:14  Spawning Pool  
  17  1:17  Drone  
  17  1:21  Drone  
  18  1:28  Drone  
  19  1:42  Overlord  
  19  1:49  Drone  
  20  2:01  Zergling x2, Queen  
  22  2:04  Zergling x2, Queen  
  22  2:08  Metabolic Boost  
  26  2:12  Zergling x2  
  27  2:15  Drone  
  27  2:22  Drone  
  29  2:26  Drone  
  30  2:32  Drone  
  31  2:45  Hatchery  
  31  2:46  Drone  
  31  2:50  Baneling Nest  
  30  2:56  Drone x2  
  32  3:02  Queen  
  34  3:07  Overlord  
  34  3:13  Drone x2  
  36  3:26  Drone x6  
  42  3:29  Zergling x2  
  42  3:33  Overlord  
  43  3:39  Drone  
  43  3:40  Evolution Chamber  
  43  3:41  Drone  
  43  3:47  Overlord  
  43  3:49  Drone  
  43  3:53  Zergling x4  
  46  4:00  Baneling x2  
  46  4:03  Extractor  
  46  4:04  Overlord  
  46  4:09  Drone x2  
  47  4:10  Drone x2, Zerg Missile Weapons Level 1  
  47  4:12  Extractor  
  47  4:13  Drone  
  47  4:14  Drone  
  50  4:23  Zergling x10  
  52  4:25  Zergling x2  
  50  4:34  Baneling  
  50  4:35  Zergling x2  
  50  4:38  Zergling x4  
  52  4:39  Zergling x4  
  52  4:40  Drone  
  52  4:45  Drone x2  
  57  4:46  Drone  
  57  4:49  Drone  
  57  4:50  Drone, Roach Warren  
  57  4:52  Drone  
  60  4:53  Baneling  
  60  5:00  Lair  
  60  5:04  Drone x2  
  60  5:05  Drone x2  
  61  5:10  Baneling  
  61  5:12  Drone x2  
  61  5:13  Zergling x2  
  63  5:15  Zergling x2  
  63  5:17  Overlord  
  64  5:30  Overlord  
  64  5:36  Roach x6  
  64  5:37  Roach x2  
  64  5:39  Overlord  
  78  5:46  Roach x2  
  78  5:47  Overlord  
  80  5:51  Baneling x4  
  80  5:52  Roach  
  80  5:53  Roach  
  80  5:54  Roach  
  85  5:58  Roach  
  85  5:59  Roach  
  85  6:01  Roach  
  85  6:03  Roach  
  92  6:08  Roach  
  91  6:12  Roach x2  
  91  6:13  Roach  
  91  6:15  Roach  
  93  6:20  Roach x2  
  93  6:23  Roach  
  97  6:26  Roach  
  97  6:27  Zergling x2  
  97  6:28  Ravager  
  97  6:31  Roach x2  
  90  6:33  Roach  
  90  6:36  Roach  
  90  6:39  Zergling x4  
  88  6:41  Zergling x2  
  88  6:42  Zergling x2  
  88  6:45  Zergling x4  
  91  6:47  Zergling x2  
  91  6:51  Glial Reconstitution  
  91  6:53  Zergling x2  
  91  6:54  Ravager  
  91  6:55  Zergling x2  
  91  6:57  Zergling x2  
  91  7:00  Zergling x2  
  92  7:04  Zergling x6  
  89  7:09  Roach  
  89  7:12  Roach  
  89  7:13  Roach  
  89  7:15  Queen  
  84  7:17  Roach  
  84  7:22  Ravager  
  83  7:23  Roach  
  83  7:26  Roach  
  83  7:28  Roach  
  86  7:33  Roach  
  86  7:35  Roach  
  87  7:40  Roach  
  87  7:44  Roach  
  85  7:45  Roach  
  85  7:49  Roach  
  87  7:52  Queen  
  87  7:54  Roach  
  87  7:57  Roach  
  91  8:00  Roach  
  91  8:05  Ravager, Roach  
  96  8:08  Roach  
  96  8:11  Roach  
  100  8:18  Roach x2  
  104  8:24  Overlord  
Tags
 
Add a new tag
Caveats
  • Supply blocks, unpowered buildings, or Contaminate may cause inaccurate times.
  • Supply counts are checked every 10 seconds.